 Dungeon Crawl Stone Soup version 0.20.0-10-g0535bb4 (webtiles) character file.

439196 theElss the Gargoyle Barricade (level 24, -30/164 HPs)
             Began as a Gargoyle Berserker on June 6, 2017.
             Was the Champion of Trog.
             Killed from afar by a deep elf sorcerer (38 damage)
             ... with damnation
             ... on level 3 of the Elven Halls on June 7, 2017.
             The game lasted 03:14:48 (52368 turns).

theElss the Gargoyle Barricade (GrBe)              Turns: 52368, Time: 03:14:48

Health: -30/164    AC: 44    Str: 33    XL:     24   Next: 7%
Magic:  27/27      EV: 12    Int: 14    God:    Trog [******]
Gold:   4323       SH: 29    Dex: 16    Spells: 23/23 levels left

rFire    + . .     SeeInvis .   N - +10 flail of Offence {vamp, Str+4 Dex+2}
rCold    . . .     Gourm    +   H - +0 large shield
rNeg     + + +     Faith    .   R - +4 chain mail of Cynge {rN+ Regen+}
rPois    ∞         Spirit   .   Y - +2 helmet {Int+3}
rElec    +         Reflect  .   y - scarf {cloud immunity}
rCorr    .         Harm     .   q - +2 pair of gloves
MR       ++++.                  U - +0 pair of boots
Stlth    ..........             S - amulet of the gourmand
Regen    1.8/turn               g - ring "Fenuot" {rN+ MR+ Dex+4}
MPRegen  0.2/turn               P - ring of protection from fire

@: flying, regenerating, studying Fighting
A: big wings, mutation resistance 1, negative energy resistance 1, electricity
resistance, unbreathing, petrification resistance, rot immunity, AC +17
}: 2/15 runes: decaying, serpentine
a: Stop Flying, Berserk, Trog's Hand, Brothers in Arms, Burn Spellbooks,
Renounce Religion


You were on level 3 of the Elven Halls.
You worshipped Trog.
Trog was exalted by your worship.
You were not hungry.

You visited 8 branches of the dungeon, and saw 41 of its levels.
You visited the Abyss 1 time.
You visited 1 bazaar.
You also visited: Wizlab.

You collected 5126 gold pieces.
You spent 803 gold pieces at shops.

Inventory:

Hand Weapons
 r - the +3 hunting sling "Ypsoixt" {flame, Int+4}
   (Trog gifted it to you on level 14 of the Dungeon)

   It causes projectiles fired from it to burn those they strike, causing extra
   injury to most foes and up to half again as much damage against particularly
   susceptible opponents.
   It affects your intelligence (+4).
 N - the +10 flail of Offence (weapon) {vamp, Str+4 Dex+2}
   (Trog gifted it to you on level 6 of the Lair of Beasts)

   It inflicts no extra harm, but heals its wielder when it wounds a living foe.
   It affects your strength (+4).
   It affects your dexterity (+2).
 O - a +6 antimagic demon whip
 X - the +9 morningstar of the Final Decision {freeze, rElec rF+ rC+ MR+}
   (You took it off a vampire mage on level 3 of the Crypt)

   It has been specially enchanted to freeze those struck by it, causing extra
   injury to most foes and up to half again as much damage against particularly
   susceptible opponents.
   It can also slow down cold-blooded creatures.
   It protects you from fire.
   It protects you from cold.
   It insulates you from electricity.
   It affects your resistance to hostile enchantments.
Missiles
 d - 567 stones (quivered)
Armour
 q - a +2 pair of gloves (worn)
 y - a scarf of cloud immunity (worn)
 H - a +0 large shield (worn)
 R - the +4 chain mail of Cynge (worn) {rN+ Regen+}
   (You found it on level 2 of the Crypt)

   It protects you from negative energy.
   It increases your rate of regeneration.
 U - a +0 pair of boots (worn)
 Y - a +2 helmet of intelligence (worn)
Jewellery
 g - the ring "Fenuot" (left hand) {rN+ MR+ Dex+4}
   (You bought it in a shop in a bazaar)

   [ring of positive energy]

   It affects your dexterity (+4).
   It protects you from negative energy.
   It affects your resistance to hostile enchantments.
 k - an uncursed ring of protection from magic
 o - an uncursed amulet of guardian spirit
 w - an uncursed ring of protection from cold
 C - a +5 amulet of reflection
 J - a +5 ring of intelligence
 M - an uncursed amulet of regeneration
 P - a ring of protection from fire (right hand)
 S - an amulet of the gourmand (around neck)
Wands
 D - a wand of digging (10/24)
 I - a wand of scattershot (2/9)
Scrolls
 a - a scroll of summoning
 e - 24 scrolls of remove curse
 h - 8 scrolls of magic mapping
 i - 8 scrolls of blinking
 l - 27 scrolls of teleportation
 t - 3 scrolls of silence
 v - 10 scrolls of identify
 F - 11 scrolls of fear
 L - 4 scrolls of fog
 T - 2 scrolls of enchant weapon
 V - 3 scrolls of holy word
Potions
 f - 5 potions of resistance
 m - 4 potions of cancellation
 n - 19 potions of curing
 p - a potion of might
 x - a potion of ambrosia
 z - 14 potions of heal wounds
 B - a potion of experience
 G - 5 potions of haste
 K - a potion of agility
Books
 s - a Necronomicon

   Spells                             Type                      Level
   a - Haunt                          Necromancy/Summoning         7
   b - Borgnjor's Revivification      Necromancy                   8
   c - Death's Door                   Charms/Necromancy            8
   d - Infestation                    Necromancy                   8
   e - Necromutation                  Transmutation/Necromancy     8
   Trog disapproves of the use of such an item.
 A - a manual of Fighting
 W - a book of the Earth

   Spells                             Type                      Level
   a - Leda's Liquefaction            Hexes/Earth                  4
   b - Bolt of Magma                  Conjuration/Fire/Earth       5
   c - Statue Form                    Transmutation/Earth          6
   d - Iron Shot                      Conjuration/Earth            6
   e - Shatter                        Earth                        9
   Trog disapproves of the use of such an item.
Miscellaneous
 b - a phantom mirror
 Q - a phial of floods
 Z - a fan of gales
Comestibles
 c - 16 bread rations
 j - 26 meat rations
 u - 13 fruits
 E - 20 royal jellies


   Skills:
 + Level 20.8 Fighting
 + Level 19.9 Maces & Flails
 + Level 15.5 Armour
 + Level 4.5 Dodging
 O Level 27 Shields
 * Level 5.8 Evocations


You had 23 spell levels left.
You didn't know any spells.

Dungeon Overview and Level Annotations

Branches:
Dungeon (15/15)            Temple (0/1) D:7            Lair (6/6) D:8
  Swamp (4/4) Lair:3        Snake (4/4) Lair:4        Slime (0/5) Lair:6
    Orc (2/2) D:11            Elf (3/3) Orc:2        Vaults (4/5) D:13
  Crypt (3/3) Vaults:2       Tomb (0/3) Crypt:3      Depths (0/5) D:15

Altars:
Ashenzari
Fedhas
Gozag
Kikubaaqudgha
Nemelex Xobeh
Ru
Sif Muna
Trog
Yredelemnul
Beogh

Shops:
D:11 *   Orc:1 !   Orc:2 :!?(*   Elf:2 =}=   Vaults:2 ?

Portals:
Trove: D:12 (give 5 scrolls of blinking)

Annotations:
Lair:2 exclusion: 3 oklob plants
Lair:3 exclusion: ice statue


Innate Abilities, Weirdness & Mutations

You are resistant to torment.
Your stone body is resilient. (AC +17)
You are immune to poison.
Your large and strong wings let you fly indefinitely.
You resist negative energy. (rN+)
You are resistant to electric shocks. (rElec)
You can survive without breathing.
You are immune to petrification.
You are immune to rotting.
You are somewhat resistant to further mutation.


Message History

The iron shot hits you!
Ouch! That really hurt!
* * * LOW HITPOINT WARNING * * *
Unknown command.
Your stone giant goes berserk!
You feel somewhat more hungry.
The deep elf high priest calls down the wrath of its god upon you.
Something smites you!
* * * LOW HITPOINT WARNING * * *
The deep elf high priest calls down the wrath of its god upon you.
Something smites you!
* * * LOW HITPOINT WARNING * * *
The deep elf annihilator casts a spell.
The deep elf annihilator blinks!
Your skin crawls.
You feel resistant to hostile enchantments.
You feel somewhat more hungry.
The deep elf sorcerer casts a spell at you.
The sphere of damnation explodes!
The damnation engulfs you!
You die...

.................................
#+######+########'##+#######+####
......#.........())).......#.....
......'..........(#(.....[.'.....
......#.........(.#........#.....
################)()).############
#C#(.## #.#### #@# #)# #e# #e#
#e#


eEe .eeee ..§.e.. ......... You could see 3 deep elf annihilators, 2 deep elf
sorcerers, a deep elf archer, a deep elf knight, 2 deep elf high priests, a
water elemental and a friendly stone giant (berserk).

Vanquished Creatures
  2 ancient liches
  2 bone dragons (Crypt:3)
  Jorgrun (Swamp:4)
  3 liches (Crypt:3)
  2 deep elf blademasters
  3 deep elf master archers (Elf:3)
  A titan (Vaults:4)
  7 ancient champions
  A tentacled starspawn (Abyss:2)
  A sphinx (Crypt:3)
  7 nagarajas
  A shadow dragon (Vaults:4)
  4 thorn hunters
  A tengu reaver (Vaults:4)
  Roxanne (Elf:2)
  3 fire giants
  2 deep elf sorcerers
  13 vault wardens
  2 orc warlords
  Aizul (Swamp:4)
  Louise (Elf:2)
  2 curse skulls (Crypt:2)
  A spriggan defender (Elf:2)
  A deep elf elementalist (Elf:3)
  15 ironheart preservers
  4 very ugly things (Vaults:4)
  8 ghouls
  A caustic shrike skeleton (Crypt:2)
  4 stone giants
  Nessos (D:15)
  A deep elf demonologist (Elf:1)
  9 vampire knights
  A dire elephant (D:15)
  3 deep elf annihilators (Elf:3)
  An orange crystal statue (WizLab)
  5 ettins
  6 eidola
  Josephine (Orc:1)
  4 yaktaur captains
  6 fire dragons
  12 jiangshi
  4 deep elf death magi
  A rakshasa (Vaults:1)
  14 naga warriors
  An ice dragon (Lair:3)
  The ghost of xgamer67 the Slinger, a journeyman HaAE of Nemelex Xobeh (Lair:3)
  Harold (Lair:1)
  22 vault guards
  4 great orbs of eyes
  3 quicksilver dragon skeletons
  Fannar (Lair:1)
  24 hydras
  Erica (Lair:2)
  11 anacondas
  10 alligators
  8 centaur warriors
  20 two-headed ogres
  5 ogre magi
  23 dancing weapons
  2 death knights
  A deep troll earth mage (Vaults:2)
  7 vampire magi
  13 naga sharpshooters
  An orc high priest (D:13)
  2 tengu warriors
  12 shock serpents
  Nergalle (Lair:1)
  24 deep elf knights
  4 hell knights (Vaults:4)
  5 soul eaters
  A titan skeleton (Crypt:3)
  2 salamander mystics (Snake:4)
  2 fire crabs (Swamp:4)
  An unseen horror (shapeshifter) (Vaults:4)
  2 storm dragon skeletons (Crypt:3)
  59 skeletal warriors
  4 shadow wraiths
  10 swamp dragons
  2 unseen horrors
  A tengu zombie (Vaults:4)
  5 shambling mangroves
  9 deep elf archers
  A spriggan druid (Swamp:3)
  14 orc knights
  5 flayed ghosts
  7 naga ritualists
  An anaconda skeleton (Crypt:3)
  A lindwurm (Swamp:4)
  An iron dragon zombie (Crypt:3)
  9 deep trolls
  3 wizards
  3 large abominations (Abyss:2)
  18 ironbrand convokers
  3 orc sorcerers
  9 mana vipers
  9 phantasmal warriors
  2 shadow dragon skeletons (Crypt:3)
  An iron giant skeleton (Crypt:2)
  An obsidian statue (Snake:4)
  3 oklob plants
  A frost giant zombie (Crypt:2)
  29 ugly things
  4 manticores
  4 wolf spiders
  17 salamanders
  60 deep elf magi
  7 necromancers
  A fire giant skeleton (Vaults:4)
  10 cyclopes
  A sphinx skeleton (Vaults:4)
  2 iron dragon skeletons (Crypt:3)
  2 stone giant skeletons
  34 black mambas
  A black mamba (shapeshifter) (Vaults:3)
  31 naga magi
  15 vault sentinels
  Joseph (D:8)
  5 guardian serpents
  4 orange demons (D:15)
  2 dire elephant zombies
  A human zombie (Vaults:4)
  A dire elephant skeleton (Crypt:3)
  A titan simulacrum (Crypt:2)
  An elephant slug zombie (Crypt:1)
  19 spiny frogs
  2 kobold demonologists
  A tormentor (Abyss:2)
  5 rime drakes
  14 yaktaurs
  A catoblepas skeleton (Crypt:3)
  5 komodo dragons
  A yaktaur skeleton (Vaults:4)
  7 freezing wraiths
  A swamp worm zombie (Crypt:1)
  A white draconian skeleton (Crypt:1)
  4 guardian mummies (Crypt:3)
  A tengu conjurer (D:14)
  A hydra zombie (Crypt:3)
  A jumping spider (shapeshifter) (Vaults:3)
  A minotaur zombie (Crypt:2)
  11 polar bears
  5 tyrant leeches
  2 queen bees
  11 hornets
  12 trolls
  A troll (shapeshifter) (Orc:2)
  Grinder (D:3)
  A raiju (shapeshifter) (Vaults:1)
  A hydra skeleton (Crypt:3)
  5 raiju (Lair:6)
  6 blink frogs
  An alligator zombie (Crypt:3)
  26 slime creatures
  8 hippogriffs
  A meliai zombie (Crypt:2)
  A snapping turtle (shapeshifter) (Elf:1)
  8 dream sheep (Lair:6)
  5 bog bodies
  2 fire dragon skeletons
  9 flying skulls (Crypt:3)
  A human simulacrum (Vaults:1)
  Sigmund (D:4)
  A black mamba zombie (Crypt:2)
  3 water elementals
  2 ice dragon skeletons
  8 air elementals
  2 ettin skeletons
  9 wraiths
  A ynoxinul (Abyss:2)
  4 shadows
  36 yaks
  2 spriggans (Swamp:3)
  A spriggan (shapeshifter) (Vaults:3)
  5 wyverns
  3 basilisks
  2 fire bats (Lair:6)
  5 fire elementals
  A human (shapeshifter) (Vaults:1)
  2 black mamba skeletons (Crypt:3)
  A neqoxec (Abyss:2)
  27 vampire mosquitoes
  A hungry ghost (D:15)
  5 steam dragons
  Edmund (D:4)
  A soldier ant (D:12)
  An acid dragon (Lair:6)
  A soldier ant (shapeshifter) (D:13)
  17 swamp worms
  8 wargs
  11 insubstantial wisps
  48 nagas
  2 spiny frog zombies
  5 porcupines
  9 water moccasins
  12 hell hounds (Lair:6)
  4 sky beasts
  7 ice beasts
  3 phantoms
  A spiny frog skeleton (Crypt:3)
  14 black bears
  A hornet zombie (D:13)
  An eye of draining (D:14)
  36 orc warriors
  16 swamp drakes
  6 necrophages
  27 ogres
  23 wolves
  19 centaurs
  A torpor snail zombie (Crypt:1)
  A swamp dragon skeleton (Crypt:2)
  A hog skeleton (Crypt:1)
  A big kobold (D:14)
  10 crocodiles
  A small abomination (Abyss:2)
  A salamander skeleton (Crypt:1)
  13 bullfrogs
  2 earth elementals (Elf:2)
  8 scorpions
  2 warg skeletons
  32 killer bees
  12 wights
  2 howler monkeys
  2 electric eels
  6 crimson imps
  A bullfrog zombie (D:6)
  2 lava snakes (Lair:6)
  4 centaur zombies
  2 centaur skeletons
  10 hounds
  22 orc priests
  2 bullfrog skeletons
  7 jellies
  A black bear skeleton (Crypt:2)
  Terence (D:3)
  8 iguanas
  23 orc wizards
  13 worker ants
  4 killer bee zombies
  A demigod zombie (Crypt:2)
  An acid dragon skeleton (Crypt:3)
  A hound zombie (D:7)
  A crocodile skeleton (Crypt:3)
  2 hound skeletons
  2 howler monkey zombies
  2 worker ant zombies
  3 gnolls (D:10)
  17 adders
  A swamp drake zombie (Crypt:3)
  A shadow imp (D:11)
  A swamp drake skeleton (Crypt:3)
  15 white imps
  A worm zombie (Crypt:2)
  2 worms (D:2)
  3 dart slugs
  3 leopard geckos
  62 orcs
  11 bats
  A bat zombie (Crypt:1)
  7 giant cockroaches
  10 goblins
  6 hobgoblins
  21 jackals
  24 kobolds
  6 quokkas
  2 ball pythons
  7 frilled lizards
  A gnoll skeleton (Crypt:2)
  3 quokka skeletons
  5 rats
  5 briar patches
  A crawling corpse (Elf:3)
  A fire vortex (Swamp:4)
  3 fungi
  A plant (Lair:2)
1803 creatures vanquished.

Vanquished Creatures (collateral kills)
  A deep elf mage (Vaults:1)
  An orc knight (Vaults:1)
  A troll (Vaults:1)
  An ogre (Vaults:1)
  An orc priest (Vaults:1)
  2 orcs (Vaults:1)
7 creatures vanquished.

Vanquished Creatures (others)
  A death knight (Vaults:2)
  A naga sharpshooter (Snake:4)
  2 deep elf archers
  A swamp dragon (Swamp:4)
  A cyclops (Vaults:2)
  2 naga magi (Snake:4)
  2 yaktaurs (Vaults:2)
  A tyrant leech (Swamp:4)
  2 bog bodies
  3 steam dragons (Swamp:4)
  2 nagas (Snake:4)
  2 swamp drakes (Swamp:4)
  An ogre (Vaults:3)
  4 centaurs
  An orc (Vaults:4)
  A bush (Lair:2)
  5 fungi
  22 plants
  3 starspawn tentacles (Abyss:2)
57 creatures vanquished.

Grand Total: 1867 creatures vanquished

Notes
Turn   | Place    | Note
-------+----------+-------------------------------------------
     0 | D:1      | theElss the Gargoyle Berserker began the quest for the Orb.
     0 | D:1      | Reached XP level 1. HP: 14/14 MP: 1/1
   214 | D:1      | Reached XP level 2. HP: 19/19 MP: 2/2
   985 | D:2      | Reached XP level 3. HP: 24/24 MP: 3/3
  1024 | D:2      | Reached ** piety under Trog
  1647 | D:2      | Reached XP level 4. HP: 15/29 MP: 4/4
  2369 | D:3      | Noticed a centaur
  2375 | D:3      | Killed a centaur
  2375 | D:3      | Reached XP level 5. HP: 34/34 MP: 5/5
  2595 | D:3      | Reached *** piety under Trog
  2677 | D:3      | Noticed Grinder
  2689 | D:3      | Killed Grinder
  2689 | D:3      | Reached skill level 5 in Maces & Flails
  2689 | D:3      | Reached XP level 6. HP: 33/40 MP: 6/6
  2864 | D:3      | Found a sacrificial altar of Ru.
  2962 | D:3      | Noticed Terence
  2966 | D:3      | Killed Terence
  3405 | D:3      | Found a sparkling altar of Nemelex Xobeh.
  3505 | D:4      | Noticed Edmund
  3536 | D:4      | Killed Edmund
  3536 | D:4      | Reached skill level 5 in Fighting
  3536 | D:4      | Reached XP level 7. HP: 42/44 MP: 7/7
  4029 | D:4      | Reached **** piety under Trog
  4292 | D:4      | Reached XP level 8. HP: 49/49 MP: 8/8
  4697 | D:4      | Noticed Sigmund
  4737 | D:4      | Killed Sigmund
  4917 | D:4      | Found a basalt altar of Yredelemnul.
  5233 | D:5      | Entered Level 5 of the Dungeon
  5291 | D:5      | Found a deep blue altar of Sif Muna.
  5698 | D:5      | Reached skill level 1 in Shields
  5890 | D:5      | Reached skill level 2 in Shields
  6315 | D:5      | Reached XP level 9. HP: 51/54 MP: 9/9
  6377 | D:5      | Reached skill level 3 in Shields
  6487 | D:6      | Reached ***** piety under Trog
  6576 | D:6      | Reached skill level 4 in Shields
  6664 | D:6      | Reached skill level 10 in Maces & Flails
  6732 | D:6      | Reached skill level 5 in Shields
  7041 | D:6      | Found a shattered altar of Ashenzari.
  7403 | D:7      | Found a staircase to the Ecumenical Temple.
  7530 | D:7      | Received a gift from Trog
  7530 | D:7      | Reached skill level 6 in Shields
  7982 | D:8      | Noticed a two-headed ogre
  7992 | D:8      | Killed a two-headed ogre
  7992 | D:8      | Reached skill level 7 in Shields
  7992 | D:8      | Reached XP level 10. HP: 60/60 MP: 10/10
  8110 | D:8      | Noticed Joseph
  8124 | D:8      | Killed Joseph
  8124 | D:8      | Reached skill level 8 in Shields
  8165 | D:8      | Found an opulent altar of Gozag.
  8493 | D:8      | Found a staircase to the Lair.
  8871 | D:9      | Found a sacrificial altar of Ru.
  9280 | D:10     | Entered Level 10 of the Dungeon
  9439 | D:10     | Noticed a two-headed ogre
  9447 | D:10     | Killed a two-headed ogre
  9734 | D:10     | Killed an unseen horror
  9734 | D:10     | Reached skill level 5 in Armour
  9734 | D:10     | Reached skill level 9 in Shields
  9734 | D:10     | Reached XP level 11. HP: 44/66 MP: 11/11
 10525 | D:11     | Noticed a cyclops
 10525 | D:11     | Found Japenood's Assorted Antiques.
 10533 | D:11     | Killed a cyclops
 10607 | D:11     | Noticed a cyan ugly thing
 10627 | D:11     | Killed a cyan ugly thing
 10805 | D:11     | Found a staircase to the Orcish Mines.
 10964 | Lair:1   | Entered Level 1 of the Lair of Beasts
 11066 | Lair:1   | Noticed Nergalle
 11084 | Lair:1   | Killed Nergalle
 11125 | Lair:1   | Noticed Harold
 11144 | Lair:1   | Killed Harold
 11185 | Lair:1   | Received a gift from Trog
 11740 | Lair:1   | Reached XP level 12. HP: 72/75 MP: 12/12
 12010 | Lair:1   | Noticed Fannar
 12030 | Lair:1   | Killed Fannar
 12172 | Lair:1   | Reached skill level 10 in Shields
 12611 | Lair:2   | Noticed Erica
 12631 | Lair:2   | Killed Erica
 12726 | Lair:2   | Received a gift from Trog
 13302 | Lair:2   | Got an ancient spear
 13303 | Lair:2   | Identified the +8 spear of Impermanence {antimagic, Int+2} (You found it on level 2 of the Lair of Beasts)
 13845 | Lair:3   | Noticed an ice dragon
 13860 | Lair:3   | Killed an ice dragon
 13860 | Lair:3   | Reached skill level 10 in Fighting
 13920 | Lair:3   | Found a staircase to the Swamp.
 13955 | Lair:3   | Noticed xgamer67's ghost (journeyman HaAE)
 14021 | Lair:3   | Killed xgamer67's ghost
 14021 | Lair:3   | Reached XP level 13. HP: 79/82 MP: 13/13
 14437 | Lair:3   | Reached ****** piety under Trog
 14626 | Lair:4   | Reached skill level 11 in Shields
 14722 | Lair:4   | Found a staircase to the Snake Pit.
 15710 | Lair:5   | Received a gift from Trog
 15920 | Lair:5   | Got a warped dire flail {god gift}
 15926 | Lair:5   | Identified the +8 dire flail "Taziugent" {drain, +Blink Dex+3 Stlth-} (Trog gifted it to you on level 5 of the Lair of Beasts)
 16352 | Lair:6   | Entered Level 6 of the Lair of Beasts
 16352 | Lair:6   | Found a staircase to the Slime Pits.
 16435 | Lair:6   | Reached skill level 10 in Armour
 16444 | Lair:6   | Reached skill level 12 in Shields
 16658 | Lair:6   | Reached skill level 15 in Maces & Flails
 16941 | Lair:6   | Received a gift from Trog
 16944 | Lair:6   | Got a bloodstained flail {god gift}
 17108 | Lair:6   | Identified the +10 flail of Offence {vamp, Str+4 Dex+2} (Trog gifted it to you on level 6 of the Lair of Beasts)
 17283 | Lair:6   | Gained mutation: Your large and strong wings let you fly indefinitely. [Gargoyle growth]
 17283 | Lair:6   | Reached XP level 14. HP: 91/91 MP: 14/14
 17575 | Lair:6   | Received a gift from Trog
 18563 | Orc:1    | Entered Level 1 of the Orcish Mines
 18833 | Orc:2    | Entered Level 2 of the Orcish Mines
 18833 | Orc:2    | Found a staircase to the Elven Halls.
 19152 | Orc:2    | Found Wonoad's Magic Scroll Boutique.
 19227 | Orc:2    | Reached skill level 13 in Shields
 19295 | Orc:2    | Received a gift from Trog
 19633 | Orc:2    | Found Nane's Book Boutique.
 19638 | Orc:2    | Found Gobuom's Antique Weapon Shoppe.
 19759 | Orc:2    | Found Gaujefash's Distillery.
 19768 | Orc:2    | Bought a potion of flight for 45 gold pieces
 19879 | Orc:2    | Found Uliom's General Store.
 19883 | Orc:2    | Bought a scroll of identify for 30 gold pieces
 20005 | Orc:1    | Noticed Josephine
 20016 | Orc:1    | Killed Josephine
 20016 | Orc:1    | Reached XP level 15. HP: 87/97 MP: 5/15
 20147 | Orc:1    | Found Opir's Distillery.
 20811 | D:12     | Found a portal to a secret trove of treasure.
 21052 | D:12     | Received a gift from Trog
 21813 | D:13     | You are sucked into a shaft for 2 floors!
 21813 | D:15     | Entered Level 15 of the Dungeon
 22221 | D:13     | Received a gift from Trog
 22314 | D:13     | Noticed an orc warlord
 22352 | D:13     | Killed an orc warlord
 22556 | D:13     | Found a roughly hewn altar of Beogh.
 22908 | D:13     | Reached skill level 14 in Shields
 22932 | D:13     | Cast into level 2 of the Abyss (a wizard)
 22953 | Abyss:2  | Found an iron altar of Okawaru.
 22984 | Abyss:2  | Noticed a tentacled starspawn
 23006 | Abyss:2  | Killed a tentacled starspawn
 23029 | Abyss:2  | Gained mutation: You are somewhat resistant to further mutation. [a neqoxec]
 23126 | Abyss:2  | Noticed an ancient lich
 23141 | Abyss:2  | Killed an ancient lich
 23145 | D:13     | Escaped the Abyss
 23465 | D:13     | Found a gate to the Vaults.
 23712 | D:14     | Received a gift from Trog
 23763 | D:14     | Got a translucent hunting sling {god gift}
 23842 | D:14     | Reached XP level 16. HP: 106/106 MP: 5/16
 23862 | D:14     | Identified the +3 hunting sling "Ypsoixt" {flame, Int+4} (Trog gifted it to you on level 14 of the Dungeon)
 23902 | D:14     | Found a blossoming altar of Fedhas.
 24665 | D:15     | Found a staircase to the Depths.
 24724 | D:15     | Noticed Nessos
 24725 | D:15     | Reached skill level 15 in Shields
 24733 | D:15     | Killed Nessos
 25697 | Swamp:1  | Entered Level 1 of the Swamp
 26185 | Swamp:1  | Received a gift from Trog
 27953 | Swamp:3  | Noticed a thorn hunter
 28047 | Swamp:3  | Noticed a thorn hunter
 28068 | Swamp:3  | Killed a thorn hunter
 28068 | Swamp:3  | Reached skill level 15 in Fighting
 28068 | Swamp:3  | Reached skill level 16 in Shields
 28147 | Swamp:3  | Noticed a thorn hunter
 28157 | Swamp:3  | Killed a thorn hunter
 28364 | Swamp:3  | Killed a thorn hunter
 28829 | Swamp:3  | Reached XP level 17. HP: 55/113 MP: 5/17
 29131 | Swamp:4  | Entered Level 4 of the Swamp
 29417 | Swamp:4  | Received a gift from Trog
 29494 | Swamp:4  | Noticed Aizul
 29699 | Swamp:4  | Killed Aizul
 29699 | Swamp:4  | Reached skill level 17 in Shields
 29775 | Swamp:4  | Noticed Jorgrun
 29788 | Swamp:4  | Killed Jorgrun
 30318 | Swamp:4  | Got a decaying rune of Zot
 30788 | Snake:1  | Entered Level 1 of the Snake Pit
 30928 | Snake:1  | Found a bloodstained altar of Trog.
 31408 | Snake:1  | Received a gift from Trog
 31754 | Snake:2  | Got an ancient long sword
 32259 | Snake:2  | Reached skill level 18 in Shields
 32349 | Snake:2  | Reached XP level 18. HP: 120/120 MP: 18/18
 32704 | Snake:3  | Received a gift from Trog
 33898 | Snake:4  | Entered Level 4 of the Snake Pit
 34172 | Snake:4  | Found a gateway to a bazaar.
 34190 | Bazaar   | Entered a bazaar
 34204 | Bazaar   | Found Lorphigh's Jewellery Shoppe.
 34219 | Bazaar   | Found Ranuumapa's Magic Scroll Emporium.
 34219 | Bazaar   | Found Fueph's Jewellery Shoppe.
 34240 | Bazaar   | Found Seulateu's Weapon Shoppe.
 34314 | Bazaar   | Bought a scroll of identify for 28 gold pieces
 34314 | Bazaar   | Bought a scroll of identify for 28 gold pieces
 34314 | Bazaar   | Bought a scroll of identify for 28 gold pieces
 34314 | Bazaar   | Bought a scroll of enchant weapon for 105 gold pieces
 34314 | Bazaar   | Bought a scroll of enchant weapon for 105 gold pieces
 34314 | Bazaar   | Bought a scroll of enchant weapon for 105 gold pieces
 34334 | Bazaar   | Bought the ring "Fenuot" {rN+ MR+ Dex+4} for 287 gold pieces
 34358 | Bazaar   | Bought a scroll of teleportation for 42 gold pieces
 34559 | Snake:4  | Reached skill level 19 in Shields
 34758 | Snake:4  | Received a gift from Trog
 35198 | Snake:4  | Reached XP level 19. HP: 127/127 MP: 19/19
 35548 | Snake:4  | Received a gift from Trog
 35556 | Snake:4  | Got a serpentine rune of Zot
 36182 | Vaults:1 | Entered Level 1 of the Vaults
 36826 | Vaults:1 | Reached skill level 20 in Shields
 37021 | Vaults:1 | Received a gift from Trog
 38510 | Vaults:2 | Reached XP level 20. HP: 134/134 MP: 20/20
 38536 | Vaults:2 | Received a gift from Trog
 38648 | Vaults:2 | Reached skill level 21 in Shields
 39030 | Vaults:2 | Received a gift from Trog
 39127 | Vaults:2 | Found Nanof's Magic Scroll Emporium.
 39158 | Vaults:2 | Found a staircase to the Crypt.
 39158 | Vaults:2 | Found a basalt altar of Yredelemnul.
 39159 | Vaults:2 | Found an ancient bone altar of Kikubaaqudgha.
 39438 | Vaults:2 | Reached skill level 22 in Shields
 40192 | Crypt:1  | Entered Level 1 of the Crypt
 40397 | Crypt:1  | Found a magical portal.
 40406 | WizLab   | Entered Wucad Mu's Monastery
 42800 | Crypt:2  | Reached skill level 23 in Shields
 42814 | Crypt:2  | Received a gift from Trog
 42884 | Crypt:2  | Reached XP level 21. HP: 140/140 MP: 21/21
 43195 | Crypt:2  | Found a basalt altar of Yredelemnul.
 43444 | Crypt:2  | Got a warped chain mail
 43455 | Crypt:2  | Identified the +4 chain mail of Cynge {rN+ Regen+} (You found it on level 2 of the Crypt)
 43578 | Crypt:3  | Entered Level 3 of the Crypt
 43727 | Crypt:3  | Got a scorched morningstar
 44004 | Crypt:3  | Reached skill level 24 in Shields
 44089 | Crypt:3  | Received a gift from Trog
 44099 | Crypt:3  | Identified the cursed +3 morningstar of Matot {venom, rPois Str+5} (You found it on level 3 of the Crypt)
 44908 | Vaults:3 | Received a gift from Trog
 44994 | Vaults:3 | Reached skill level 25 in Shields
 45205 | Crypt:3  | Got a jewelled morningstar {freeze}
 45206 | Crypt:3  | Identified the +9 morningstar of the Final Decision {freeze, rElec rF+ rC+ MR+} (You took it off a vampire mage on level 3 of the Crypt)
 45292 | Crypt:3  | Found an ancient bone altar of Kikubaaqudgha.
 45366 | Crypt:3  | Noticed a bone dragon
 45395 | Crypt:3  | Killed a bone dragon
 45403 | Crypt:3  | Noticed a bone dragon
 45415 | Crypt:3  | Noticed an ancient lich
 45436 | Crypt:3  | Killed an ancient lich
 45436 | Crypt:3  | Reached XP level 22. HP: 145/145 MP: 22/22
 45650 | Crypt:3  | Found a staircase to the Tomb.
 45855 | Crypt:3  | Received a gift from Trog
 45995 | Crypt:3  | Reached skill level 26 in Shields
 47420 | Vaults:4 | Received a gift from Trog
 47696 | Vaults:4 | Reached skill level 27 in Shields
 47774 | Vaults:4 | Reached skill level 1 in Evocations
 47919 | Vaults:4 | Received a gift from Trog
 48104 | Vaults:4 | Reached XP level 23. HP: 152/152 MP: 24/24
 48111 | Vaults:4 | Reached skill level 15 in Armour
 48969 | Vaults:1 | Received a gift from Trog
 48972 | Vaults:1 | Got a jewelled flail {god gift}
 48973 | Vaults:1 | Identified the +1 flail of the Mouth {drain, rElec MR+ Str+4 Dex-3} (Trog gifted it to you on level 1 of the Vaults)
 49102 | Elf:1    | Entered Level 1 of the Elven Halls
 49433 | Elf:1    | Identified the Reference Book on Slavery
 49512 | Elf:1    | Found Kuch's Weapon Boutique.
 50006 | Elf:2    | Received a gift from Trog
 50076 | Elf:2    | Found a runed gate.
 50077 | Elf:2    | Found a runed gate.
 50080 | Elf:2    | Found a runed gate.
 50174 | Elf:2    | Noticed Roxanne
 50201 | Elf:2    | Killed Roxanne
 50228 | Elf:2    | Noticed Louise
 50255 | Elf:2    | Killed Louise
 50665 | Elf:2    | Found Xadypse's Jewellery Boutique.
 50678 | Elf:2    | Found Ariamn's Gadget Shoppe.
 50679 | Elf:2    | Found Wuedacyry's Jewellery Boutique.
 50694 | Elf:2    | Received a gift from Trog
 51149 | Elf:2    | Reached skill level 5 in Evocations
 51391 | Elf:3    | Entered Level 3 of the Elven Halls
 51466 | Elf:3    | Received a gift from Trog
 52299 | Elf:3    | Reached XP level 24. HP: 164/164 MP: 27/27
 52367 | Elf:3    | HP: 6/164 [deep elf high priest/divine providence (10)]
 52368 | Elf:3    | Killed from afar by a deep elf sorcerer

Skill      XL: |  1  2  3  4  5  6  7  8  9 10 11 12 13 14 15 16 17 18 19 20 21 22 23 |
---------------+----------------------------------------------------------------------+-----
Fighting       | 4 5 6 8 10 11 12 14 15 16 17 18 20 | 20.8
Dodging        | 2 3 4 |  4.5
Maces & Flails | 4 5 6 7 9 11 12 13 14 15 16 17 18 19 | 19.9
Armour         | 3 4 5 6 8 10 11 12 13 14 15 | 15.5
Shields        | 2 7 9 10 12 13 14 16 18 19 20 23 25 27 | 27.0
Evocations     | 2 5 |  5.8

Action                   |  1- 3 |  4- 6 |  7- 9 | 10-12 | 13-15 | 16-18 | 19-21 | 22-24 || total
-------------------------+-------+-------+-------+-------+-------+-------+-------+-------++-------
Melee: Mace              |   122 |   156 |    55 |       |       |       |       |       ||   333
       Flail             |       |       |   494 |  1096 |   555 |  1290 |  2844 |    29 ||  6308
       Dire flail        |       |       |       |       |   161 |       |       |       ||   161
       Demon whip        |       |       |       |       |  1055 |   796 |       |       ||  1851
       Morningstar       |       |       |       |       |       |       |   103 |  1499 ||  1602
Invok: Berserk           |     1 |     4 |     4 |    13 |     4 |     3 |     6 |     1 ||    36
       Trog's Hand       |       |       |       |     1 |       |     1 |     1 |     1 ||     4
       Brothers in Arms  |       |       |       |       |       |       |     1 |     1 ||     2
 Abil: Fly               |       |       |       |       |     1 |       |       |       ||     1
  Use: Scroll            |       |       |    15 |     6 |     4 |     9 |     4 |     1 ||    39
       Potion            |       |       |       |       |       |     1 |       |       ||     1
 Stab: Distracted        |       |       |       |       |       |       |     1 |       ||     1
  Eat: Chunk             |     3 |     9 |    19 |    30 |    38 |    34 |    33 |    27 ||   193
       Royal jelly       |       |       |       |     1 |       |     2 |     2 |       ||     5
       Meat ration       |       |       |       |       |     1 |     1 |     3 |       ||     5
       Fruit             |       |       |       |       |       |     3 |     1 |       ||     4
Armor: Animal skin       |    46 |    27 |       |       |       |       |       |       ||    73
       Crystal plate arm |       |    93 |   436 |   764 |   930 |  1230 |   935 |       ||  4388
       Chain mail        |       |       |       |       |       |       |   243 |   416 ||   659
Dodge: Dodged            |    87 |    53 |    41 |   180 |   252 |   382 |   395 |   186 ||  1576
Block: Large shield      |       |       |   318 |    25 |       |       |  2333 |  1433 ||  4109
       Buckler           |       |       |       |   215 |    30 |       |       |       ||   245
       Shield            |       |       |       |       |   767 |  1921 |   796 |       ||  3484
       Reflection        |       |       |       |       |     8 |   128 |   108 |       ||   244
